3AA
ATLANTIC CITY SONICS @ RICHLAND RAILS
09/14/2026
 
TOP OF THE 1ST
Atlantic City Sonics batting - Pitching for Richland Rails : LHP Bart Gresham
Pitching: LHP Bart Gresham
Batting: LHB Manoo Satyavrat 0-0: Called Strike
0-1: SINGLE (Line Drive, 56)
Batting: RHB Brady Bess 0-0: Called Strike
Manoo Satyavrat steals 2nd base
0-1: SINGLE (Groundball, 4MD)
Manoo Satyavrat to third
Batting: LHB José Rodríguez 0-0: Ball
1-0: Foul Ball, location: 2F
1-1: Foul Ball, location: 2F
1-2: Ball
2-2: SINGLE (Groundball, 6D)
Manoo Satyavrat scores
Brady Bess to second
Batting: RHB Felipe Bruno 0-0: Called Strike
0-1: Ball
1-1: Foul Ball, location: 2F
1-2: Fly out, F9 (Flyball, 89M)
Batting: SHB Phil Moore 0-0: Foul Ball, location: 2F
0-1: Foul Ball, location: 2F
0-2: Ball
1-2: Foul Ball, location: 2F
1-2: Ball
2-2: DOUBLE (Flyball, 8RXD)
Brady Bess scores
José Rodríguez to third
Batting: SHB Sam Quint 0-0: Called Strike
0-1: Ball
1-1: Ground out 6-3 (Groundball, 6M)
José Rodríguez scores
Phil Moore to third
Batting: RHB Kent Summey 0-0: Called Strike
0-1: Ball
1-1: Ball
2-1: Ball
3-1: Fly out, F9 (Line Drive, 9)
Top of the 1st over - 3 run(s), 4 hit(s), 0 error(s), 1 left on base; Atlantic City 3 - Richland 0
BOTTOM OF THE 1ST
Richland Rails batting - Pitching for Atlantic City Sonics : RHP Jesús Guerra
Pitching: RHP Jesús Guerra
Batting: RHB Fernando Granados 0-0: Ball
1-0: Ball
2-0: SINGLE (Groundball, 56D)
Batting: LHB Orlando Casillas 0-0: Called Strike
0-1: Ball
1-1: Ball
2-1: Ball
3-1: Base on Balls
Fernando Granados to second
Batting: SHB Jasper Otto 0-0: Ball
1-0: Grounds into double play, 4-6-3 (Groundball, 4)
Fernando Granados to third
Batting: SHB Pablo Coloa 0-0: Swinging Strike
0-1: Foul Ball, location: 2F
0-2: Ball
1-2: Ball
2-2: Ground out U3 (Groundball, 34)
Bottom of the 1st over - 0 run(s), 1 hit(s), 0 error(s), 1 left on base; Atlantic City 3 - Richland 0
TOP OF THE 2ND
Atlantic City Sonics batting - Pitching for Richland Rails : LHP Bart Gresham
Batting: RHB Senior Pond 0-0: Fly out, F5 (Line Drive, 5)
Batting: RHB José López 0-0: Called Strike
0-1: Ball
1-1: SINGLE (Line Drive, 8LS)
Batting: LHB Manoo Satyavrat 0-0: Fly out, F8 (Line Drive, 8RD)
Batting: RHB Brady Bess 0-0: Called Strike
0-1: Swinging Strike
0-2: Ball
1-2: Strikes out looking
Top of the 2nd over - 0 run(s), 1 hit(s), 0 error(s), 1 left on base; Atlantic City 3 - Richland 0
BOTTOM OF THE 2ND
Richland Rails batting - Pitching for Atlantic City Sonics : RHP Jesús Guerra
Batting: RHB Armando Rodríguez 0-0: Ball
1-0: Fly out, F8 (Line Drive, 78M)
Batting: LHB Jorge Greenbaum 0-0: Ground out 4-3 (Groundball, 4)
Batting: LHB Armando Peña 0-0: Foul Ball, location: 2F
0-1: Ball
1-1: Swinging Strike
1-2: SINGLE (Groundball, 4MD)
Batting: LHB Dave Watts 0-0: Called Strike
Armando Peña is caught stealing 2nd base
Bottom of the 2nd over - 0 run(s), 1 hit(s), 0 error(s), 0 left on base; Atlantic City 3 - Richland 0
TOP OF THE 3RD
Atlantic City Sonics batting - Pitching for Richland Rails : LHP Bart Gresham
Batting: LHB José Rodríguez 0-0: Ground out 6-3 (Groundball, 6)
Batting: RHB Felipe Bruno 0-0: Called Strike
0-1: SOLO HOME RUN (Line Drive, 7D), Distance : 356 ft
Batting: SHB Phil Moore 0-0: Foul Ball, location: 2F
0-1: Called Strike
0-2: Fly out, F9 (Flyball, 9LM)
Batting: SHB Sam Quint 0-0: Called Strike
0-1: Swinging Strike
0-2: Strikes out swinging
Top of the 3rd over - 1 run(s), 1 hit(s), 0 error(s), 0 left on base; Atlantic City 4 - Richland 0
BOTTOM OF THE 3RD
Richland Rails batting - Pitching for Atlantic City Sonics : RHP Jesús Guerra
Batting: LHB Dave Watts 0-0: Ball
1-0: Called Strike
1-1: Ground out 4-3 (Groundball, 4)
Batting: LHB Roberto Madrid 0-0: Ball
1-0: Ground out 5-3 (Groundball, 56S)
Batting: RHB Fernando Granados 0-0: SINGLE (Popup, 6D)
Batting: LHB Orlando Casillas 0-0: Swinging Strike
0-1: Ball
Fernando Granados steals 2nd base
1-1: Ball
2-1: Fly out, F7 (Flyball, 78M)
Bottom of the 3rd over - 0 run(s), 1 hit(s), 0 error(s), 1 left on base; Atlantic City 4 - Richland 0
TOP OF THE 4TH
Atlantic City Sonics batting - Pitching for Richland Rails : LHP Bart Gresham
Batting: RHB Kent Summey 0-0: Ball
1-0: Foul Ball, location: 2F
1-1: SINGLE (Flyball, 8RS)
Batting: RHB Senior Pond 0-0: Reached on error, E4 (Groundball, 4M)
Kent Summey to second
Batting: RHB José López 0-0: Called Strike
0-1: Ball
1-1: Ball
2-1: Fly out, F8 (Line Drive, 8LM)
Batting: LHB Manoo Satyavrat 0-0: Ball
1-0: Foul Ball, location: 2F
1-1: Foul Ball, location: 2F
1-2: Strikes out swinging
Batting: RHB Brady Bess 0-0: Called Strike
0-1: Ball
1-1: Ball
2-1: Foul Ball, location: 2F
2-2: Fly out, F9 (Flyball, 9)
Top of the 4th over - 0 run(s), 1 hit(s), 1 error(s), 2 left on base; Atlantic City 4 - Richland 0
BOTTOM OF THE 4TH
Richland Rails batting - Pitching for Atlantic City Sonics : RHP Jesús Guerra
Batting: SHB Jasper Otto 0-0: Ball
1-0: Foul Ball, location: 2F
1-1: Ball
2-1: Foul Ball, location: 2F
2-2: Ball
3-2: DOUBLE (Line Drive, 8RD)
Batting: SHB Pablo Coloa 0-0: Swinging Strike
0-1: Ball
1-1: Ball
2-1: Ball
3-1: Foul Ball, location: 2F
3-2: Ground out 3-1 (Groundball, 34)
Jasper Otto to third
Batting: RHB Armando Rodríguez 0-0: Ball
1-0: Swinging Strike
1-1: Ball
2-1: Swinging Strike
2-2: Ground out 1-3 (Groundball, P)
Batting: LHB Jorge Greenbaum 0-0: Foul Ball, location: 2F
0-1: Fly out, F3 (Line Drive, 3)
Bottom of the 4th over - 0 run(s), 1 hit(s), 0 error(s), 1 left on base; Atlantic City 4 - Richland 0
TOP OF THE 5TH
Atlantic City Sonics batting - Pitching for Richland Rails : LHP Bart Gresham
Batting: LHB José Rodríguez 0-0: Ball
1-0: Ball
2-0: Foul Ball, location: 2F
2-1: Swinging Strike
2-2: Foul Ball, location: 2F
2-2: SINGLE (Groundball, 6MD)
Batting: RHB Felipe Bruno 0-0: Swinging Strike
0-1: Ball
1-1: Foul Ball, location: 2F
1-2: Strikes out swinging
Batting: SHB Phil Moore 0-0: Ball
1-0: Ball
2-0: SINGLE (Line Drive, 89S)
José Rodríguez to second
Batting: SHB Sam Quint 0-0: Ball
1-0: Fielders Choice at 2nd, 1-6 (Groundball, P)
José Rodríguez to third
Batting: RHB Kent Summey 0-0: Ball
Sam Quint is caught stealing 2nd base
Top of the 5th over - 0 run(s), 2 hit(s), 0 error(s), 0 left on base; Atlantic City 4 - Richland 0
BOTTOM OF THE 5TH
Richland Rails batting - Pitching for Atlantic City Sonics : RHP Jesús Guerra
Batting: LHB Armando Peña 0-0: Ball
1-0: Reached on error, E1 (Groundball, 13S)
Batting: LHB Dave Watts 0-0: Ball
1-0: Foul Ball, location: 2F
1-1: Ball
2-1: Ball
3-1: Called Strike
3-2: DOUBLE (Flyball, 78M)
Armando Peña to third
Batting: LHB Roberto Madrid 0-0: Called Strike
0-1: Ball
1-1: Fly out, F8 (Flyball, 8RM)
Runner from 3rd tags up, SCORES, no throw
Batting: RHB Fernando Granados 0-0: Ball
1-0: SINGLE (Groundball, 6MD)
Dave Watts to third
Batting: LHB Orlando Casillas 0-0: Ball
1-0: Ball
2-0: Ground out U3 (Groundball, 3)
Dave Watts scores
Fernando Granados to second
Batting: SHB Jasper Otto 0-0: Called Strike
0-1: Ball
1-1: Ball
2-1: Ball
3-1: Base on Balls
Batting: SHB Pablo Coloa 0-0: Called Strike
0-1: Called Strike
0-2: Foul Ball, location: 2F
0-2: Foul Ball, location: 2F
0-2: Ball
1-2: Ball
2-2: Ball
3-2: Strikes out swinging
Bottom of the 5th over - 2 run(s), 2 hit(s), 1 error(s), 2 left on base; Atlantic City 4 - Richland 2
TOP OF THE 6TH
Atlantic City Sonics batting - Pitching for Richland Rails : LHP Bart Gresham
Batting: RHB Kent Summey 0-0: Ball
1-0: Called Strike
1-1: Ball
2-1: Foul Ball, location: 2F
2-2: Ball
3-2: Ground out U3 (Groundball, 2R)
Batting: RHB Senior Pond 0-0: Ball
1-0: Ball
2-0: Ball
3-0: Base on Balls
Batting: RHB José López 0-0: Ball
1-0: SINGLE (Line Drive, 56)
Senior Pond to second
Batting: LHB Manoo Satyavrat 0-0: Ball
1-0: Called Strike
1-1: Called Strike
1-2: Ball
2-2: Fly out, F7 (Flyball, 7S)
Pitching: LHP Carlos Barajas
Batting: RHB Brady Bess 0-0: Called Strike
0-1: Ball
1-1: Ball
2-1: Foul Ball, location: 2F
2-2: Strikes out swinging
Top of the 6th over - 0 run(s), 1 hit(s), 0 error(s), 2 left on base; Atlantic City 4 - Richland 2
BOTTOM OF THE 6TH
Richland Rails batting - Pitching for Atlantic City Sonics : RHP Jesús Guerra
Batting: RHB Armando Rodríguez 0-0: Called Strike
0-1: Foul Ball, location: 2F
0-2: Ball
1-2: Ball
2-2: Ball
3-2: Base on Balls
Batting: LHB Jorge Greenbaum 0-0: Bunt missed!
0-1: Bunted foul
0-2: Ball
1-2: Fly out, F7 (Flyball, 7S)
Pitching: LHP David Sherratt
Batting: LHB Armando Peña 0-0: Called Strike
0-1: Fly out, F8 (Line Drive, 8LM)
Batting: LHB Dave Watts 0-0: Ball
1-0: Foul Ball, location: 2F
1-1: Foul Ball, location: 2F
1-2: Ground out 3-1 (Groundball, 3)
Bottom of the 6th over - 0 run(s), 0 hit(s), 0 error(s), 1 left on base; Atlantic City 4 - Richland 2
TOP OF THE 7TH
Atlantic City Sonics batting - Pitching for Richland Rails : LHP Carlos Barajas
Batting: LHB José Rodríguez 0-0: Called Strike
0-1: Ball
1-1: Swinging Strike
1-2: Ball
2-2: Ball
3-2: Foul Ball, location: 2F
3-2: Ground out 5-3 (Groundball, 5)
Batting: RHB Felipe Bruno 0-0: Ground out 6-3 (Groundball, 6)
Batting: SHB Phil Moore 0-0: Called Strike
0-1: Called Strike
0-2: Ball
1-2: Ball
2-2: Strikes out swinging
Top of the 7th over - 0 run(s), 0 hit(s), 0 error(s), 0 left on base; Atlantic City 4 - Richland 2
BOTTOM OF THE 7TH
Richland Rails batting - Pitching for Atlantic City Sonics : LHP David Sherratt
Now at 1B: Russ Hanneman
Now at 3B: Gianpaolo Monachino
Batting: LHB Roberto Madrid 0-0: Ball
1-0: Fly out, F8 (Flyball, 8RM)
Batting: RHB Fernando Granados 0-0: Ball
1-0: Foul Ball, location: 2F
1-1: Ball
2-1: Foul Ball, location: 2F
2-2: Strikes out looking
Batting: LHB Orlando Casillas 0-0: Called Strike
0-1: Ball
1-1: Called Strike
1-2: Strikes out swinging
Bottom of the 7th over - 0 run(s), 0 hit(s), 0 error(s), 0 left on base; Atlantic City 4 - Richland 2
TOP OF THE 8TH
Atlantic City Sonics batting - Pitching for Richland Rails : LHP Carlos Barajas
Batting: SHB Sam Quint 0-0: Swinging Strike
0-1: Called Strike
0-2: Strikes out swinging
Batting: RHB Kent Summey 0-0: DOUBLE (Line Drive, 78M)
Batting: RHB Senior Pond 0-0: Intentional Walk
Pinch Hitting: RHB Nelson Torez 0-0: Called Strike
0-1: Ball
1-1: Foul Ball, location: 2F
1-2: Fly out, F9 (Flyball, 9LSF)
Batting: LHB Manoo Satyavrat 0-0: Called Strike
0-1: Ball
1-1: Swinging Strike
1-2: Strikes out swinging
Top of the 8th over - 0 run(s), 1 hit(s), 0 error(s), 2 left on base; Atlantic City 4 - Richland 2
BOTTOM OF THE 8TH
Richland Rails batting - Pitching for Atlantic City Sonics : LHP David Sherratt
Now at 2B: Jorge Figueroa
Batting: SHB Jasper Otto 0-0: Foul Ball, location: 2F
0-1: Swinging Strike
0-2: Ball
1-2: Foul Ball, location: 2F
1-2: Strikes out swinging
Batting: SHB Pablo Coloa 0-0: Called Strike
0-1: Ball
1-1: Called Strike
1-2: Foul Ball, location: 2F
1-2: Ball
2-2: Fly out, F8 (Flyball, 8LM)
Batting: RHB Armando Rodríguez 0-0: Fly out, F8 (Flyball, 8RS)
Bottom of the 8th over - 0 run(s), 0 hit(s), 0 error(s), 0 left on base; Atlantic City 4 - Richland 2
TOP OF THE 9TH
Atlantic City Sonics batting - Pitching for Richland Rails : LHP Carlos Barajas
Batting: RHB Brady Bess 0-0: Ball
1-0: Ball
2-0: Ball
3-0: Called Strike
3-1: Base on Balls
Batting: LHB José Rodríguez Pickoff Throw to First - Out!
0-0: Called Strike
0-1: Ball
1-1: Foul Ball, location: 2F
1-2: Foul Ball, location: 2F
1-2: Fly out, F6 (Popup, 6D)
Batting: LHB Russ Hanneman 0-0: Ball
1-0: Foul Ball, location: 2F
1-1: Foul Ball, location: 2F
1-2: Ball
2-2: Fly out, F7 (Flyball, 7)
Top of the 9th over - 0 run(s), 0 hit(s), 0 error(s), 0 left on base; Atlantic City 4 - Richland 2
BOTTOM OF THE 9TH
Richland Rails batting - Pitching for Atlantic City Sonics : LHP David Sherratt
Pitching: RHP Apollo Cepeda
Batting: LHB Jorge Greenbaum 0-0: Called Strike
0-1: Called Strike
0-2: Strikes out swinging
Batting: LHB Armando Peña 0-0: Ball
1-0: Foul Ball, location: 2F
1-1: Ball
2-1: Ball
3-1: Base on Balls
Batting: LHB Dave Watts 0-0: Foul Ball, location: 2F
0-1: Ball
1-1: Foul Ball, location: 2F
1-2: Foul Ball, location: 2F
1-2: Ball
2-2: Foul Ball, location: 2F
2-2: Ball
3-2: Strikes out swinging
Pinch Hitting: RHB Tan Bal 0-0: Ball
1-0: Ball
2-0: Ball
3-0: Called Strike
3-1: Base on Balls
Armando Peña to second
Pinch Hitting: RHB Michael Bradshaw 0-0: Ball
1-0: Called Strike
1-1: Swinging Strike
1-2: Strikes out swinging
Bottom of the 9th over - 0 run(s), 0 hit(s), 0 error(s), 2 left on base; Atlantic City 4 - Richland 2
Monday, March 20th, 2017 - OOTP Baseball 17.12 Build 75